 Seeded DCSS version 0.30.1-9-gdf580d7c3d (webtiles) character file.

Game seed: 7229806256980976716 (custom seed)

550 Psyclone the Magician (level 7, 0/41 HPs)
             Began as an Octopode Venom Mage on Oct 2, 2023.
             Slain by a bullfrog zombie (6 damage)
             ... in an ossuary.
             The game lasted 00:11:09 (3389 turns).

Psyclone the Magician (Octopode Venom Mage)         Turns: 3389, Time: 00:11:09

Health: 0/41       AC:  4    Str:  7    XL:     7   Next: 29%
Magic:  3/24       EV: 13    Int: 27    God:
Gold:   171        SH:  0    Dex:  9    Spells: 9/16 levels left

rFire   + . .        a - +3 Elemental Staff {rElec rF+ rC+ AC+3}
rCold   + + +        (no shield)
rNeg    . . .        (helmet restricted)
rPois   +            (no amulet)
rElec   +            e - ring of the Mage {Wiz Archmagi}
rCorr   .            f - ring "Yjoxom" {Contam rPois rC++ MP+9 Int+8 Dex-4}
SInv    .            (no ring)
Will    .....        (no ring)
Stlth   +++          (no ring)
HPRegen 0.26/turn    (no ring)
MPRegen 0.19/turn    (no ring)
                     (no ring)

%: wizardry (x1), archmagi
@: no status effects
A: almost no armour, amphibious, 8 rings, camouflage 1, gelatinous body 1,
(nimble swimmer 1), tentacles
a: no special abilities


You were in an ossuary.
You visited 1 branch of the dungeon, and saw 4 of its levels.
You also visited: Ossuary.

You collected 171 gold pieces.

Inventory:

Hand Weapons
 a - the +3 Elemental Staff (weapon) {rElec rF+ rC+ AC+3}
   (You acquired it on level 1 of the Dungeon)

   It enhances your fire, ice, earth and air magic.
   AC:        It affects your AC (+3).
   rF:        It protects you from fire.
   rC:        It protects you from cold.
   rElec:     It insulates you from electricity.
 o - a +1 morningstar of holy wrath
Missiles
 i - a throwing net {!f}
Jewellery
 e - the ring of the Mage (left tentacle) {Wiz Archmagi}
   (You acquired it on level 1 of the Dungeon)

   [ring of wizardry]

   It improves your spell success rate.
   Archmagi:  It increases the power of your magical spells.
 f - the ring "Yjoxom" (right tentacle) {Contam rPois rC++ MP+9 Int+8 Dex-4}
   (You acquired it on level 1 of the Dungeon)

   [ring of magical power]

   Int:       It affects your intelligence (+8).
   Dex:       It affects your dexterity (-4).
   rC:        It greatly protects you from cold.
   rPois:     It protects you from poison.
   MP:        It affects your magic capacity (+9).
   Contam:    It causes magical contamination when unequipped.
Scrolls
 b - 3 scrolls of amnesia {unknown}
 d - a scroll of teleportation {unknown}
 h - 2 scrolls of blinking {unknown}
 j - 5 scrolls of identify {unknown}
 k - a scroll of enchant armour {unknown}
 q - a scroll of poison {unknown}
 u - 2 scrolls of vulnerability {unknown}
 v - a scroll of fog {unknown}
 x - a scroll of butterflies {unknown}
 y - 2 scrolls of silence {unknown}
Potions
 c - a potion of magic
 g - 2 potions of mutation {unknown}
 l - 2 potions of might {unknown}
 m - a potion of invisibility {unknown}
 n - 2 potions of brilliance {unknown}
 p - 4 potions of curing {unknown}
 r - a potion of heal wounds {unknown}
 s - a potion of cancellation {unknown}
 t - 2 potions of flight {unknown}
 w - a potion of attraction {unknown}
 z - a potion of berserk rage {unknown}
 A - a potion of ambrosia {unknown}


   Skills:
 - Level 2.0 Dodging
 - Level 2.6 Stealth
 + Level 5.3 Spellcasting
 - Level 4.0 Necromancy
 - Level 1.0 Transmutations
 - Level 5.0 Poison Magic


You had 9 spell levels left.
You knew the following spells:

 Your Spells              Type           Power      Damage    Failure   Level
a - Poisonous Vapours     Pois/Air       92%        N/A       1%          2
b - Dispel Undead         Necr           43%        3d17      5%          4
v - Sting                 Tmut/Pois      100%       1d8       1%          1

Your spell library contained the following spells:

 Spells                   Type           Power      Damage    Failure   Level
 Cigotuvi's Dreadful Rot  Necr/Pois/Air  100%       N/A       1%          2
 Olgreb's Toxic Radiance  Pois           51%        N/A       3%          4
 Mephitic Cloud           Conj/Pois/Air  36%        N/A       4%          3
 Freezing Cloud           Conj/Ice/Air   12%        6-21      56%         5
 Death Channel            Necr           21%        N/A       58%         6


Dungeon Overview and Level Annotations

Branches:
Dungeon (4/15) Zot: 21007  Temple (0/1) D:4         Ossuary (1/1) Zot: 5586

Altars:
Elyvilon
Qazlal
Zin

Annotations:
D:3 3 runed translucent doors, LordWeiramon's ghost, amateur DsNe


Innate Abilities, Weirdness & Mutations

You cannot wear most types of armour.
You are amphibious.
You can wear up to eight rings at the same time.
Your skin changes colour to match your surroundings (Stealth+).
Your rubbery body absorbs attacks. (AC +1, EV +1)
((You are camouflaged when in or above water. (Stealth+)))
You have tentacles for arms and can constrict up to eight enemies at once.


Message History

Unknown command.
Casting: Dispel Undead (dangerous; 5% risk of failure)
Confirm with . or Enter, or press ? or * to list all spells.
You don't have enough magic to cast this spell.
You hit the bullfrog zombie. Your grab misses the bullfrog zombie.
The bullfrog zombie is lightly damaged.
The bullfrog zombie closely misses you.
You hit the bullfrog zombie. You grab the bullfrog zombie.
The bullfrog zombie is lightly damaged.
You constrict the bullfrog zombie. The bullfrog zombie hits you.
The bullfrog zombie barely misses you.
You take 3 damage, and have 18/41 hp.
You hit the bullfrog zombie.
The bullfrog zombie is moderately damaged.
You constrict the bullfrog zombie. The bullfrog zombie misses you.
You hit the bullfrog zombie.
The bullfrog zombie is heavily damaged.
You constrict the bullfrog zombie. The bullfrog zombie hits you. x2
You take 4 damage, and have 14/41 hp.
You hit the bullfrog zombie.
The bullfrog zombie is severely damaged.
You constrict the bullfrog zombie. The bullfrog zombie closely misses you.
The bullfrog zombie hits you.
* * * LOW HITPOINT WARNING * * *
You take 4 damage, and have 10/41 hp.
You hit the bullfrog zombie but do no damage.
The bullfrog zombie is severely damaged.
You constrict the bullfrog zombie. The bullfrog zombie hits you.
* * * LOW HITPOINT WARNING * * *
You take 3 damage, and have 7/41 hp.
Casting: Dispel Undead (dangerous; 5% risk of failure)
Confirm with . or Enter, or press ? or * to list all spells.
You don't have enough magic to cast this spell.
Unknown command.
You release your grip on the bullfrog zombie.
The bullfrog zombie attacks as you move away!
The bullfrog zombie hits you.
* * * LOW HITPOINT WARNING * * *
The bullfrog zombie hits you.
You die...

~.#~~~#+#+#+#+#
~~.~~~........+
~#####.#####.#
#.#...#.+
#.#.∩.'.#
#.#∩..#.+
###.#####.#
#.'.'.#.'.+
###@#####.###
#Z#...#.'.#
#.#...'.###
#.#...#.'.#
#.#####.###
........+
'#'#'#'#'#
#.#.#.#.#.# #
### # ###


You could see a bullfrog zombie.

Vanquished Creatures
  A scorpion (D:4)
  A water moccasin zombie (Ossuary)
  A bullfrog zombie (Ossuary)
  A jelly (D:2)
  A sleepcap (D:4)
  2 killer bee zombies (Ossuary)
  10 mummies
  A howler monkey zombie (Ossuary)
  7 adders
  An ufetubus (D:3)
  3 worms
  5 bats
  4 endoplasms
  6 giant cockroaches
  3 goblins
  6 hobgoblins
  20 jackals
  4 quokkas
  6 ball pythons
  A frilled lizard (D:1)
  A goblin zombie (D:4)
  An orc zombie (D:4)
  4 rats
90 creatures vanquished.

Notes
Turn   | Place    | Note
-------+----------+-------------------------------------------
     0 | D:1      | Psyclone the Octopode Venom Mage began the quest for the
                  | Orb.
     0 | D:1      | Reached XP level 1. HP: 11/11 MP: 3/3
    80 | D:1      | Identified 3 scrolls of acquirement
    80 | D:1      | Acquired the ring of the Mage {Wiz Archmagi}
    80 | D:1      | Found the ring of the Mage {Wiz Archmagi}
    86 | D:1      | Acquired the ring "Yjoxom" {Contam rPois rC++ MP+9 Int+8
                  | Dex-4}
   207 | D:1      | Acquired the +3 Elemental Staff {rElec rF+ rC+ AC+3}
   207 | D:1      | Found the +3 Elemental Staff {rElec rF+ rC+ AC+3}
   390 | D:1      | Reached XP level 2. HP: 17/17 MP: 5/5
   407 | D:1      | Learned a level 2 spell: Poisonous Vapours
   798 | D:1      | Reached skill level 5 in Poison Magic
   798 | D:1      | Reached XP level 3. HP: 21/21 MP: 6/6
  1259 | D:2      | Reached skill level 1 in Necromancy
  1459 | D:2      | Reached XP level 4. HP: 16/27 MP: 7/7
  1902 | D:2      | Reached XP level 5. HP: 27/31 MP: 8/8
  2182 | D:3      | Found a runed translucent gate.
  2182 | D:3      | Found a runed translucent gate.
  2182 | D:3      | Found a runed translucent gate.
  2229 | D:3      | Noticed LordWeiramon's ghost (amateur DsNe)
  2297 | D:3      | Found a glowing silver altar of Zin.
  2596 | D:3      | Learned a level 4 spell: Dispel Undead
  2688 | D:4      | Reached XP level 6. HP: 11/36 MP: 10/10
  2765 | D:4      | Found a staircase to the Ecumenical Temple.
  2794 | D:4      | Found a sand-covered staircase.
  2841 | D:4      | Found a stormy altar of Qazlal.
  2907 | D:4      | Found a white marble altar of Elyvilon.
  2978 | Ossuary  | Entered an ossuary
  3274 | Ossuary  | Reached XP level 7. HP: 41/41 MP: 14/14
  3351 | Ossuary  | Reached skill level 5 in Spellcasting
  3389 | Ossuary  | Slain by a bullfrog zombie

Illustrated notes

Levels and vault maps discovered:
D:1:      spicycebolla_arrival_ecumenical, layout_loops_ring
D:2:      layout_basic
D:3:      layout_rooms, mainiacjoe_overflow_paths, gammafunk_ghost_necromancy
D:4:      layout_rooms, tso_metal_star, mainiacjoe_overflow_catwalk,
          elyvilon_altar_5, minmay_temple_entry_stoned_glass,
          nicolae_ossuary_entry_giza, minmay_misc_feat_square, minivault_4
Ossuary:  ossuary_zaba_flooded

Skill      XL: |  1  2  3  4  5  6  7 |
---------------+----------------------+-----
Poison Magic   | 4 5 |  5.0
Necromancy     | 2 3 4 |  4.0
Spellcasting   | 3 4 5 |  5.3
Dodging        | |  2.0
Stealth        | |  2.6
Transmutations | |  1.0

Action                     |  1- 3 |  4- 6 |  7- 9 || total
---------------------------+-------+-------+-------++-------
  Melee: Staff             |    45 |    40 |    11 ||    96
         Tentacles         |    10 |    10 |       ||    20
         Constrict         |     6 |    13 |     1 ||    20
         Punch             |       |     1 |       ||     1
   Cast: Poisonous Vapours |    22 |    37 |       ||    59
         Sting             |     4 |     4 |       ||     8
         Dispel Undead     |       |    14 |     7 ||    21
    Use: Scroll            |     3 |       |       ||     3
   Stab: Sleeping          |     1 |     2 |       ||     3
 Armour: Skin              |    19 |    11 |     4 ||    34
  Dodge: Dodged            |    44 |    31 |     8 ||    83
